 Dungeon Crawl Stone Soup version 0.20.0-15-g7f486f2 (console) character file.

422 jeanjacques the Slasher (level 6, -3/57 HPs)
             Began as a Minotaur Chaos Knight on June 9, 2017.
             Slain by a water moccasin zombie (7 damage)
             ... on level 5 of the Dungeon.
             The game lasted 00:06:26 (1724 turns).

jeanjacques the Slasher (Minotaur Chaos Knight)     Turns: 1724, Time: 00:06:27

Health: -3/57      AC:  5    Str: 15 (16) XL:     6   Next: 63%
Magic:  5/5        EV: 12    Int:  6 (9)  God:    Xom [..*...]
Gold:   117        SH:  0    Dex: 10 (12) Spells: 5/5 levels left

rFire    . . .     SeeInvis .   a - +0 falchion (chaos)
rCold    . . .     Gourm    .   (no shield)
rNeg     . . .     Faith    .   v - +2 leather armour
rPois    .         Spirit   .   (helmet restricted)
rElec    .         Reflect  .   (no cloak)
rCorr    .         Harm     .   (no gloves)
MR       .....                  (no boots)
Stlth    +.........             (no amulet)
Regen    0.2/turn               (no ring)
MPRegen  0.1/turn               (no ring)

@: flying, slowed, very slow
A: retaliatory headbutt, horns 2
a: Renounce Religion


You were on level 5 of the Dungeon.
You worshipped Xom.
You were a toy of Xom.
You were not hungry.

You visited 1 branch of the dungeon, and saw 5 of its levels.

You collected 117 gold pieces.

Inventory:

Hand Weapons
 a - a +0 falchion of chaos (weapon)
 b - a +0 dagger of draining
 d - a +0 spear
 o - a +0 blowgun
 u - a +0 spear of piercing
Missiles
 e - 92 stones
 g - 8 javelins (quivered)
Armour
 v - a +2 leather armour (worn)
Wands
 n - a wand of confusion (23/48)
 w - a wand of flame (17/48)
Scrolls
 h - 4 scrolls of identify {unknown}
 i - 5 scrolls of remove curse
 j - a scroll of magic mapping {unknown}
 l - a scroll of fog {unknown}
 m - 4 scrolls of teleportation
 q - a scroll of enchant armour {unknown}
 t - 2 scrolls of immolation {unknown}
Comestibles
 c - 3 bread rations
 f - a chunk of flesh {@w1}
 k - 3 meat rations
 p - a royal jelly


   Skills:
 + Level 5.9 Fighting
 * Level 6.2 Long Blades
 - Level 0.4 Throwing
 - Level 2.4 Armour
 + Level 3.1 Dodging
 - Level 1.9 Unarmed Combat
 + Level 0.3 Evocations


You had 5 spell levels left.
You didn't know any spells.

Dungeon Overview and Level Annotations

Branches:
Dungeon (5/15)
 Temple: D:4-7

Altars:
Cheibriados
The Shining One

Shops:
D:4 (

Annotations:
D:4 exclusion: downstairs


Innate Abilities, Weirdness & Mutations

You reflexively headbutt those who attack you in melee.
You have a pair of horns on your head.


Message History

The orc barely misses you. The orc hits you with a mace.
* * * LOW HITPOINT WARNING * * *
The water moccasin zombie closely misses you.
You riposte.
You closely miss the water moccasin zombie.
The water moccasin zombie is heavily damaged.
The orc hits you with a dagger.
* * * LOW HITPOINT WARNING * * *
You closely miss the orc.
The water moccasin zombie is no longer moving slowly.
The orc completely misses you. The water moccasin zombie bites you.
* * * LOW HITPOINT WARNING * * *
The orc hits you but does no damage.
Unknown command.
It was a potion of degeneration.
There was something very wrong with that liquid.
You feel weakened.
You feel dopey.
You feel clumsy.
Xom is amused.
Xom thinks this is hilarious!
The water moccasin zombie bites you.
* * * LOW HITPOINT WARNING * * *
The orc barely misses you. The orc hits you but does no damage.
The water moccasin zombie closely misses you.
The orc barely misses you.
You riposte.
You hit the orc but do no damage. The orc completely misses you.
You riposte.
You barely miss the orc.
It was a potion of magic.
Magic courses through your body. The water moccasin zombie bites you.
* * * LOW HITPOINT WARNING * * *
The orc hits you but does no damage.
The water moccasin zombie completely misses you.
You riposte.
You barely miss the water moccasin zombie.
The water moccasin zombie is heavily damaged.
The orc misses you.
It was a potion of flight.
You feel very buoyant.
You fly up into the air.
Xom thinks this is hilarious!
The water moccasin zombie bites you!
You die...
Xom laughs nastily!

##### #.# #.# #.#
#....###.# #.. #..##
#.....### #.. #....
##......######.< #....#
##...............
.....##...##...........
#......###.........##
##....###...##....##
#.oH###...####..##
##.oZ# +..## #..##
#....###.# #..#
#...%...# .(##
#..#!....# #..##.)...#
#..# #......... #..
#......... ##
.(.....$..


You could see 2 orcs and a water moccasin zombie.

Vanquished Creatures
  The ghost of removed the Ducker, an amateur SpNe (D:4)
  A jelly (D:5)
  3 orc wizards
  An orc priest (D:4)
  A worker ant (D:4)
  7 adders
  3 dart slugs
  5 leopard geckos
  12 orcs
  3 giant cockroaches
  7 goblins
  3 hobgoblins
  4 jackals (D:3)
  A quokka (D:3)
  2 ball pythons
  6 bats
  5 frilled lizards
  5 kobolds
  3 rats
73 creatures vanquished.

Notes
Turn   | Place    | Note
-------+----------+-------------------------------------------
     0 | D:1      | jeanjacques the Minotaur Chaos Knight began the quest for the Orb.
     0 | D:1      | Reached XP level 1. HP: 19/19 MP: 0/0
    19 | D:1      | XOM: divination: detect items
   239 | D:2      | Reached skill level 4 in Fighting
   239 | D:2      | Reached skill level 1 in Unarmed Combat
   239 | D:2      | Reached XP level 2. HP: 27/27 MP: 1/1
   319 | D:2      | Reached XP level 3. HP: 33/33 MP: 2/2
   411 | D:2      | XOM: potion effect (heal wounds)
   417 | D:2      | XOM: divination: detect creatures
   431 | D:3      | XOM: harmless Fire miscast
   465 | D:5      | Entered Level 5 of the Dungeon
   465 | D:5      | Noticed a centaur
   484 | D:4      | Found a glowing golden altar of the Shining One.
   492 | D:4      | Got a dazzling leather armour
   523 | D:3      | Identified the +1 leather armour of Niloreg {rF- Str+4} (You found it on level 4 of the Dungeon)
   581 | D:3      | XOM: harmless Conj miscast
   581 | D:3      | Reached skill level 4 in Long Blades
   581 | D:3      | Reached XP level 4. HP: 37/41 MP: 3/3
   725 | D:4      | Found a snail-covered altar of Cheibriados.
   727 | D:4      | XOM: potion effect (might)
   730 | D:4      | Reached skill level 5 in Fighting
   730 | D:4      | Reached skill level 2 in Dodging
   732 | D:4      | Reached XP level 5. HP: 41/48 MP: 4/4
   781 | D:4      | Noticed removed's ghost (amateur SpNe)
   789 | D:4      | Killed removed's ghost
   789 | D:4      | Reached skill level 5 in Long Blades
   902 | D:4      | Reached XP level 6. HP: 41/56 MP: 5/5
  1500 | D:4      | Found Fezips's Weapon Shoppe.
  1542 | D:4      | Reached skill level 3 in Dodging
  1705 | D:5      | Reached skill level 6 in Long Blades
  1723 | D:5      | HP: 4/57 [water moccasin zombie (3)]
  1724 | D:5      | Slain by a water moccasin zombie

Skill      XL: |  1  2  3  4  5  6 |
---------------+-------------------+-----
Fighting       | 4 5 |  5.9
Unarmed Combat | 1 |  1.9
Long Blades    | 4 5 6 |  6.2
Dodging        | 2 3 |  3.1
Throwing       | |  0.4
Armour         | |  2.4
Evocations     | |  0.3

Action                   |  1- 3 |  4- 6 || total
-------------------------+-------+-------++-------
Melee: Falchion          |    40 |    95 ||   135
       Headbutt          |     4 |    17 ||    21
       Punch             |       |     1 ||     1
Throw: Stone             |     5 |       ||     5
       Javelin           |     5 |     5 ||    10
  Use: Potion            |       |     3 ||     3
       Scroll            |       |     2 ||     2
  Eat: Chunk             |       |     3 ||     3
Armor: Leather armour    |    21 |    36 ||    57
Dodge: Dodged            |    35 |    80 ||   115
       Rpst.: Falchion   |     9 |    27 ||    36

Table legend:
 A = Turns spent in this place as a percentage of turns spent in the entire game.
 B = Non-inter-level travel turns spent in this place as a percentage of non-inter-level travel turns spent in the entire game.
 C = Inter-level travel turns spent in this place as a percentage of turns spent in this place.
 D = Turns resting spent in this place as a percentage of non-inter-level travel turns spent in this place.
 E = Turns spent auto-exploring this place as a percentage of non-inter-level travel turns spent in this place.
 F = Non-inter-level travel turns spent in this place divided by the number of levels of this place that you've seen.
                   A       B       C       D       E      F
               +-------+-------+-------+-------+-------+----------------------
         Total | 100.0 | 100.0 |   0.9 |   0.0 |   8.2 | 168.0
       Dungeon | 100.0 | 100.0 |   0.9 |   0.0 |   8.2 | 168.0
               +-------+-------+-------+-------+-------+----------------------

Table legend:
 A = Kills in this place as a percentage of kills in entire the game.
 B = Kills by you in this place as a percentage of kills by you in the entire game.
 C = Kills by friends in this place as a percentage of kills by friends in the entire game.
 D = Other kills in this place as a percentage of other kills in the entire game.
 E = Experience gained in this place as a percentage of experience gained in the entire game.
 F = Experience gained in this place divided by the number of levels of this place that you have seen.
                   A       B       C       D       E      F
               +-------+-------+-------+-------+-------+----------------------
         Total | 100.0 | 100.0 |  -nan |  -nan | 100.0 | 120.8
       Dungeon | 100.0 | 100.0 |  -nan |  -nan | 100.0 | 120.8
               +-------+-------+-------+-------+-------+----------------------

Vault maps used:
D:1:      saegor_arrival_simple_b, kennysheep_crisscross
D:3:      first_bread
D:4:      old_standard_altar, nicolae_overflow_crystal_walls, serial_shops,
          shop_statue
D:5:      overflow_temple_1_default, kennysheep_mini,
          nicolae_ru_great_annihilating_truth, corner_web_ring

Action                   |  1- 3 |  4- 6 || total
-------------------------+-------+-------++-------
Melee: Falchion          |    40 |    95 ||   135
       Headbutt          |     4 |    17 ||    21
       Punch             |       |     1 ||     1
Throw: Stone             |     5 |       ||     5
       Javelin           |     5 |     5 ||    10
  Use: Potion            |       |     3 ||     3
       Scroll            |       |     2 ||     2
  Eat: Chunk             |       |     3 ||     3
Armor: Leather armour    |    21 |    36 ||    57
Dodge: Dodged            |    35 |    80 ||   115
       Rpst.: Falchion   |     9 |    27 ||    36
